AoeStats
← RoR | Vodka_L_2

Arena

510277115Analyzed
1v1 RM · 2d ago on Sep 30, 2026· 39m 45s· 2 players
Game mode
Random Map
Map size
Tiny (2 player)
Population
200
Speed
Normal
Resources
Standard
Victory
Conquest
Starting age
Dark Age
Ending age
Imperial Age
RankedLock teamsTeams togetherTeam positionsShared explorationLock speedFull tech treeHidden civsTurbo modeCheats
Victory
Defeat
🇮🇹 Italians · Italy
2579
+20
🇦🇹 Burmese · Austria
2664
-20
RoR | Vodka_L_2
10:27 Feudal Age
14:04 Castle Age
12:02 Horse Collar
12:13 Double-Bit Axe
12:45 Horse Collar
14:42 Light Cavalry
18:18 Husbandry
22:25 Bow Saw
23:35 Wheelbarrow
24:17 Stone Mining
24:16 Town Watch
25:35 Bloodlines
25:29 Devotion
26:13 Gold Mining
26:48 Loom
29:43 Imperial Age
27:00 Loom
27:38 Heavy Plow
29:13 Hand Cart
31:28 Chemistry
30:29 Fletching
31:22 Bodkin Arrow
31:49 Conscription
32:46 Two-Man Saw
32:36 Bracer
33:38 Padded Archer Armor
34:46 Leather Archer Armor
35:10 Ballistics
35:22 Scale Barding Armor
36:49 Chain Barding Armor
36:40 Forging
38:29 Plate Barding Armor
38:25 Masonry
38:14 Hussar
40:19 Ring Archer Armor
Oni.FreakinAndy
9:36 Feudal Age
13:13 Castle Age
11:33 Gold Mining
13:53 Loom
13:54 Horse Collar
15:57 Sanctity
16:45 Pikeman
18:27 Fervor
19:30 Atonement
25:16 Wheelbarrow
26:54 Town Watch
31:14 Imperial Age
30:11 Stone Mining
30:13 Gambesons
30:37 Scale Mail Armor
30:48 Forging
31:14 Hand Cart
31:07 Heavy Plow
30:42 Man-at-Arms
31:34 Squires
31:36 Long Swordsman
32:34 Chain Mail Armor
32:08 Capped Ram
34:16 Chemistry
34:18 Plate Mail Armor
33:13 Two-Handed Swordsman
35:05 Conscription
34:34 Halberdier
34:37 Champion
36:05 Masonry
37:32 Iron Casting
37:58 Fletching
Connection lost

Rejoining the realm…

Still unreachable

The connection could not be restored.

Session expired

The server has moved on; the page needs a fresh start.